Map: Ruins of Seras

Players

Elroye - Winner!

  • Race: Zerg Zerg

PRIMELOT

  • Race: Protoss Protoss
  • League: Grandmaster

Event: DreamHack ZOWIE Open Leipzig

VOD

Have the link to the VOD?

Description

Time

  • Played on: Jan. 22, 2016, 8:29 a.m.
  • Length: 6:05

All games in this series

Show
View Real Time Build Order
Export as new Build Order

Elroye Zerg - Winner!

Build Orders: 3 Hatch before Pool 

Get SALT Encoding   

  12  0:00  Drone  
  13  0:12  Overlord  
  13  0:17  Drone  
  14  0:31  Drone x2  
  16  0:35  Drone  
  17  0:53  Hatchery  
  17  0:56  Drone  
  17  1:00  Drone  
  18  1:06  Drone  
  19  1:23  Hatchery  
  19  1:25  Drone  
  19  1:30  Extractor  
  18  1:41  Spawning Pool  
  18  1:42  Drone  
  18  1:46  Drone  
  19  1:50  Drone  
  20  2:02  Drone  
  20  2:07  Drone  
  22  2:12  Drone  
  23  2:19  Drone  
  24  2:24  Drone  
  24  2:28  Queen  
  27  2:31  Extractor, Queen  
  27  2:34  Metabolic Boost  
  29  2:39  Queen  
  29  2:42  Zergling x2  
  32  2:45  Drone  
  32  2:49  Overlord  
  33  2:51  Drone  
  33  2:57  Zergling x2, Extractor  
  35  3:09  Zergling x4  
  35  3:10  Zergling x2  
  38  3:19  Zergling x6  
  36  3:35  Spore Crawler, Drone x2  
  36  3:36  Drone x3  
  36  3:39  Drone  
  41  3:50  Drone  
  41  3:53  Overlord  
  42  3:59  Evolution Chamber  
  42  4:00  Zergling x4  
  41  4:05  Zergling x2  
  41  4:08  Overlord  
  42  4:12  Zergling x10  
  42  4:13  Zergling x2  
  48  4:17  Zergling x4  
  48  4:21  Overlord  
  49  4:26  Zergling x4  
  49  4:29  Zergling x8  
  49  4:30  Zergling x2  
  55  4:33  Zergling x4  
  55  4:37  Zergling x2  
  57  4:43  Zergling x4  
  59  4:47  Spore Crawler  
  59  4:49  Zergling x4  
  59  4:50  Zergling x4  
  59  4:51  Zergling x2  
  63  4:54  Drone  
  63  4:59  Zergling x4  
  63  5:17  Zergling x10  
  63  5:18  Zergling x2  
  54  5:36  Zergling x6  
  54  5:37  Zergling x16  
  61  5:43  Zergling x2  
  64  5:58  Extractor  
  64  6:03  Roach Warren  
Show
View Real Time Build Order
Export as new Build Order

PRIMELOT Protoss 

Build Orders:  

Get SALT Encoding   

  12  0:01  Probe (Chrono Boost)  
  13  0:11  Probe (Chrono Boost)  
  14  0:20  Pylon  
  14  0:22  Probe (Chrono Boost)  
  15  0:38  Gateway  
  15  0:40  Probe (Chrono Boost)  
  16  0:43  Assimilator  
  16  0:50  Probe (Chrono Boost)  
  17  1:00  Gateway  
  17  1:01  Probe (Chrono Boost)  
  18  1:11  Probe (Chrono Boost)  
  19  1:25  Cybernetics Core  
  19  1:47  Nexus  
  19  2:03  Adept (Chrono Boost)  
  19  2:04  Adept (Chrono Boost)  
  23  2:15  Assimilator  
  23  2:17  Pylon  
  23  2:34  Warp Gate (Chrono Boost)  
  23  2:35  Probe (Chrono Boost)  
  24  2:39  Twilight Council  
  24  2:47  Probe (Chrono Boost)  
  24  2:49  Adept  
  27  2:53  Adept  
  27  2:58  Probe (Chrono Boost)  
  30  3:05  Probe (Chrono Boost)  
  31  3:10  Probe (Chrono Boost)  
  32  3:15  Probe (Chrono Boost)  
  33  3:21  Probe (Chrono Boost)  
  33  3:26  Probe (Chrono Boost)  
  35  3:31  Probe (Chrono Boost)  
  34  3:36  Probe (Chrono Boost)  
  34  3:38  Resonating Glaives (Chrono Boost)  
  35  3:46  Probe (Chrono Boost)  
  36  3:50  Mothership Core (Chrono Boost)  
  36  3:53  Pylon  
  32  4:06  Pylon  
  32  4:08  Pylon  
  32  4:09  Adept  
  32  4:15  Adept  
  34  4:17  Probe  
  34  4:19  Probe  
  36  4:29  Probe  
  37  4:32  Pylon  
  37  4:37  Gateway  
  37  4:41  Gateway  
  37  4:45  Gateway  
  37  4:50  Gateway  
  37  4:58  Adept x2  
  36  5:18  Adept  
  36  5:19  Adept  
  31  5:25  Probe  
  24  5:39  Adept  
  24  5:40  Adept x2  
  26  5:49  Sentry  
  28  6:01  Sentry  

Tags
 
Add a new tag
Caveats
  • Supply blocks, unpowered buildings, or Contaminate may cause inaccurate times.
  • Supply counts are checked every 10 seconds.